 Dungeon Crawl Stone Soup version 0.15.0-14-g6bbbb5c (webtiles) character file.

7766 tizzy the Cleaver (level 11, -2/75 HPs)
             Began as a Demonspawn Gladiator on Sept 4, 2014.
             Was a Priest of Qazlal.
             Hit by a large rock thrown by a cyclops (29 damage)
             ... on Level 2 of the Orcish Mines.
             The game lasted 00:23:25 (9751 turns).

tizzy the Cleaver (Demonspawn Gladiator)            Turns: 9751, Time: 00:23:25

HP  -2/75        AC 20     Str 20      XL: 11   Next:  1%
MP  13/13        EV  8     Int  5      God: Qazlal [***...]
Gold 868         SH  4     Dex 18      Spells:  0 memorised, 10 levels left

rFire  + . .     SeeInvis .     z - +2 broad axe (venom)
rCold  . . .     Clarity  .     N - +5 scale mail of the Heron {Str+2 Dex+2}
rNeg   . . .     rCorr    .     (no shield)
rPois  .         rRot     +     c - +1 helmet
rElec  .         Spirit   .     v - +1 cloak
SustAb .         Warding  .     t - +1 pair of gloves of Relativism {Dex+3 Int-6 Slay+3}
rMut   .         Stasis   .     (no boots)
Gourm  .                        (no amulet)
MR     .....                    m - +4 ring of slaying
                                E - ring of protection from fire

@: not resistant to hostile enchantments, extremely unstealthy
A: talons 2, thin metallic scales 2, demonic guardian 1, rot immunity
a: Upheaval, Elemental Force, Renounce Religion


You were on level 2 of the Orcish Mines.
You worshipped Qazlal.
Qazlal was most pleased with you.
You were not hungry.

You visited 3 branches of the dungeon, and saw 12 of its levels.

You collected 868 gold pieces.

Inventory:

Hand weapons
 a - a +0 war axe
 z - a +2 broad axe of venom (weapon)
 H - a +0 blowgun
 S - a +1 hand axe of venom
Missiles
 d - 2 throwing nets
 l - 14 tomahawks
 u - 28 poisoned needles
 y - 12 javelins (quivered)
Armour
 c - a +1 helmet (worn)
 t - the +1 pair of gloves of Relativism (worn) {Dex+3 Int-6 Slay+3}
   (You found it on level 4 of the Dungeon)

   It affects your intelligence (-6).
   It affects your dexterity (+3).
   It affects your accuracy and damage with ranged weapons and melee attacks
   (+3).
 v - a +1 cloak (worn)
 N - the +5 scale mail of the Heron (worn) {Str+2 Dex+2}
   (You took it off a kobold on level 7 of the Dungeon)

   It affects your strength (+2).
   It affects your dexterity (+2).
Magical devices
 b - a wand of teleportation (2)
 J - a wand of random effects (17)
 L - a wand of cold (8)
 T - a wand of teleportation (5)
 V - a wand of invisibility (4) {unknown}
Comestibles
 f - 5 bread rations
 i - 2 meat rations
 x - 6 royal jellies
 B - 10 fruits
 D - 7 beef jerkies
 R - 2 slices of pizza
 W - a rotting chunk of orc flesh
 X - a rotting chunk of orc flesh
Scrolls
 g - 6 scrolls of remove curse
 n - 3 scrolls of teleportation
 w - a scroll of magic mapping {unknown}
 A - 2 scrolls of enchant armour
 F - 2 scrolls of enchant weapon {unknown}
 Q - a scroll of vulnerability {unknown}
 U - a scroll of identify
Jewellery
 h - an uncursed ring of protection from cold
 m - a +4 ring of slaying (right hand)
 o - an uncursed ring of invisibility
 E - a ring of protection from fire (left hand)
 M - an uncursed amulet of guardian spirit {unknown}
Potions
 e - 3 potions of cancellation {unknown}
 j - 2 potions of restore abilities
 k - 2 potions of berserk rage {unknown}
 p - 2 potions of curing
 q - a potion of magic
 r - a potion of cure mutation
 s - a potion of resistance
 C - 3 potions of heal wounds
 G - 2 potions of brilliance {unknown}
 I - a potion of might {unknown}
 K - a potion of porridge
Books
 O - a book of Hinderance

   Spells                             Type                      Level
   Confusing Touch                    Hexes                        2
   Confuse                            Hexes                        3
   Petrify                            Transmutation/Earth          4
   Leda's Liquefaction                Hexes/Earth                  4
   Metabolic Englaciation             Hexes/Ice                    5
   Summon Mana Viper                  Hexes/Summoning              5
 P - a book of Flames

   Spells                             Type                      Level
   Flame Tongue                       Conjuration/Fire             1
   Throw Flame                        Conjuration/Fire             2
   Conjure Flame                      Conjuration/Fire             3
   Inner Flame                        Hexes/Fire                   3
   Sticky Flame                       Conjuration/Fire             4
   Fireball                           Conjuration/Fire             5


   Skills:
 + Level 3.3 Fighting
 * Level 14.7 Axes
 - Level 1.7 Throwing
 + Level 1.3 Armour
 - Level 2.6 Dodging
 + Level 1.5 Invocations


You had 10 spell levels left.
You didn't know any spells.

Dungeon Overview and Level Annotations

Branches:
Dungeon (9/15)             Temple (1/1) D:5             Orc (2/4) D:9
   Lair: D:8-11

Altars:
Ashenzari
Cheibriados
Dithmenos
Elyvilon
Fedhas
Kikubaaqudgha
Makhleb
Nemelex Xobeh
Okawaru
Qazlal
Sif Muna
Trog
Vehumet
Xom
Yredelemnul
Zin
The Shining One
Beogh

Shops:
D:5 (   D:9 [


Innate Abilities, Weirdness & Mutations

You have razor-sharp toenails.
You are mostly covered in thin metallic scales (AC +3).
A weak demonic guardian rushes to your aid.
You are immune to rotting.


Message History

The orc moves out of view.
You see here 16 gold pieces.
You swap places.
The cyclops throws a large rock.
The large rock hits you!!
You see here a large rock.
You closely miss the orc. You slice the orc!!
You kill the orc!
Qazlal accepts your kill. The orc barely misses you.
Your quasit closely misses the orc.
Your quasit claws the orc.
Your quasit claws the orc but does no damage.
Your quasit bites the orc.
Your quasit claws the orc but does no damage. x2
You see here 16 gold pieces.
The orc hits your quasit but does no damage.
Your quasit bites the orc.
The orc dies!
Qazlal accepts your collateral kill.
There is a stone staircase leading up here.
The cyclops throws a large rock.
The large rock hits you!!
You die...

. .... .....
..#... .......
.......
.......##
.>.......#
........@##
.......o§$####
.#...#..§5..#
#.......)...#
.....#.C##..##
...#.... ..#
......# ..#
....#. ... ...
. ....


You could see a cyclops, an orc and a friendly quasit.

Vanquished Creatures
  An orc high priest (Orc:1)
  The ghost of mrpyro the Cleaver, an experienced HOBe of Trog (D:5)
  A two-headed ogre (D:8)
  A wyvern (D:8)
  A deep elf mage (D:9)
  A basilisk (D:9)
  The ghost of gw the Chucker, an average MiHu of Okawaru (D:4)
  2 hippogriffs
  2 wargs
  2 ice beasts
  4 sky beasts
  A black bear (D:9)
  2 necrophages
  2 yellow wasps (D:8)
  11 orc warriors
  A manticore skeleton (D:9)
  4 ogres
  2 big kobolds
  5 centaurs
  3 giant frogs
  Blork the orc (D:5)
  A gnoll sergeant (D:7)
  A wyvern zombie (D:9)
  2 scorpions
  2 yak skeletons
  4 goliath beetles
  4 crimson imps
  A quasit (D:7)
  4 jellies
  5 hounds
  6 iguanas
  11 orc priests
  A centaur skeleton (D:7)
  A gnoll shaman (D:6)
  13 orc wizards
  An iron imp (Orc:1)
  Natasha (thrice) (D:3)
  6 worker ants
  2 hound zombies
  7 gnolls
  An orc zombie (D:8)
  8 adders
  3 shadow imps
  A white imp (Orc:1)
  An inept item mimic (D:8)
  A worm (D:3)
  An iguana skeleton (D:5)
  4 giant geckos
  71 orcs
  2 bat skeletons
  A bat zombie (D:6)
  9 giant cockroaches
  8 goblins
  15 hobgoblins
  7 jackals
  19 kobolds
  An ooze (D:1)
  2 ball pythons (D:2)
  11 bats
  A giant gecko skeleton (D:5)
  4 giant newts
  A giant spore (D:9)
  A hobgoblin zombie (D:6)
  2 kobold skeletons
  3 quokkas
  10 rats
  A rat zombie (D:7)
  2 ballistomycetes (D:9)
  A bush (D:6)
316 creatures vanquished.

Vanquished Creatures (collateral kills)
  A phantom (D:8)
  A centaur (D:8)
  A crimson imp (D:5)
  An orc wizard (D:8)
  An iguana skeleton (D:6)
  2 orcs
7 creatures vanquished.

Vanquished Creatures (others)
  A human (D:5)
  A centaur (D:5)
  5 crimson imps
  3 quasits
  5 iron imps
  A worker ant (D:5)
  An orc wizard (D:5)
  4 white imps
  6 ufetubi
  A giant gecko (D:5)
  A bat skeleton (D:5)
  A jackal (D:5)
  A goblin skeleton (D:5)
  3 rats (D:5)
34 creatures vanquished.

Grand Total: 357 creatures vanquished

Notes
Turn   | Place    | Note
--------------------------------------------------------------
     0 | D:1      | tizzy, the Demonspawn Gladiator, began the quest for the Orb.
     0 | D:1      | Reached XP level 1. HP: 16/16 MP: 1/1
    47 | D:1      | Reached skill level 3 in Axes
   645 | D:1      | Gained mutation: You have sharp toenails. [demonic ancestry]
   645 | D:1      | Reached XP level 2. HP: 17/22 MP: 2/2
  1136 | D:2      | Reached XP level 3. HP: 24/28 MP: 3/3
  1889 | D:2      | Found a stormy altar of Qazlal.
  2182 | D:3      | Noticed Natasha
  2190 | D:3      | Killed Natasha
  2190 | D:3      | Reached skill level 4 in Axes
  2190 | D:3      | Gained mutation: You are partially covered in thin metallic scales (AC +2). [demonic ancestry]
  2190 | D:3      | Reached XP level 4. HP: 26/34 MP: 4/4
  2251 | D:3      | Noticed Natasha
  2255 | D:3      | Killed Natasha
  2394 | D:3      | Noticed Natasha
  2399 | D:3      | Killed Natasha
  2552 | D:3      | Gained mutation: You have razor-sharp toenails. [demonic ancestry]
  2552 | D:3      | Reached XP level 5. HP: 41/41 MP: 5/5
  2742 | D:3      | Reached skill level 5 in Axes
  3315 | D:4      | Noticed gw's ghost (average MiHu)
  3343 | D:4      | Killed gw's ghost
  3343 | D:4      | Reached skill level 6 in Axes
  3343 | D:4      | Gained mutation: A weak demonic guardian rushes to your aid. [demonic ancestry]
  3343 | D:4      | Reached XP level 6. HP: 35/47 MP: 6/6
  3464 | D:4      | Got a pair of pitted gloves
  3475 | D:4      | Identified the +1 pair of gloves of Relativism {Dex+3 Int-6 Slay+3} (You found it on level 4 of the Dungeon)
  3899 | D:5      | Entered Level 5 of the Dungeon
  3940 | D:5      | Reached skill level 7 in Axes
  3940 | D:5      | Gained mutation: You are mostly covered in thin metallic scales (AC +3). [demonic ancestry]
  3940 | D:5      | Reached XP level 7. HP: 38/52 MP: 7/7
  4096 | D:5      | Reached skill level 8 in Axes
  4300 | D:5      | Found a shadowy altar of Dithmenos.
  4300 | D:5      | Found a snail-covered altar of Cheibriados.
  4304 | D:5      | Found a white marble altar of Elyvilon.
  4400 | D:5      | Noticed Blork the orc
  4404 | D:5      | Killed Blork the orc
  4700 | D:5      | Reached XP level 8. HP: 58/58 MP: 8/8
  4761 | D:5      | Found a staircase to the Ecumenical Temple.
  4766 | D:5      | Noticed mrpyro's ghost (experienced HOBe)
  4777 | D:5      | Killed mrpyro's ghost
  4777 | D:5      | Reached skill level 9 in Axes
  4844 | D:5      | Found a shimmering altar of Xom.
  4871 | Temple   | Entered the Ecumenical Temple
  4996 | D:5      | Found a white marble altar of Elyvilon.
  5148 | D:5      | Found Vyohouso's Weapon Shoppe.
  5283 | D:5      | Found an ancient bone altar of Kikubaaqudgha.
  5287 | D:5      | Noticed a human
  5288 | D:5      | Killed a human
  5491 | D:6      | Reached skill level 10 in Axes
  5789 | D:6      | Found a bloodstained altar of Trog.
  6270 | D:7      | Reached XP level 9. HP: 63/63 MP: 9/9
  6289 | D:7      | Reached skill level 11 in Axes
  6328 | D:7      | Found a sparkling altar of Nemelex Xobeh.
  6485 | D:7      | Found a blossoming altar of Fedhas.
  6665 | D:7      | Found a radiant altar of Vehumet.
  7207 | D:8      | Reached skill level 12 in Axes
  7436 | D:8      | Reached XP level 10. HP: 33/70 MP: 10/10
  7490 | D:8      | Reached skill level 13 in Axes
  7797 | D:8      | Found a stormy altar of Qazlal.
  7852 | D:8      | Became a worshipper of Qazlal Stormbringer
  7990 | D:7      | Got a slimy scale mail
  8003 | D:7      | Identified the +5 scale mail of the Heron {Str+2 Dex+2} (You took it off a kobold on level 7 of the Dungeon)
  8230 | D:8      | Found a shattered altar of Ashenzari.
  8358 | D:9      | Found a staircase to the Orcish Mines.
  8372 | D:9      | Acquired Qazlal's first power
  8742 | D:9      | Reached skill level 14 in Axes
  8755 | D:9      | Found a glowing golden altar of the Shining One.
  9014 | D:9      | Found Qoquim's Armour Shoppe.
  9340 | Orc:1    | Entered Level 1 of the Orcish Mines
  9360 | Orc:1    | Acquired Qazlal's second power
  9550 | Orc:1    | Found a roughly hewn altar of Beogh.
  9577 | Orc:1    | Acquired Qazlal's third power
  9621 | Orc:1    | Noticed an orc high priest
  9626 | Orc:1    | Killed an orc high priest
  9626 | Orc:1    | Reached skill level 1 in Armour
  9626 | Orc:1    | Reached skill level 1 in Invocations
  9626 | Orc:1    | Gained mutation: You are immune to rotting. [demonic ancestry]
  9626 | Orc:1    | Reached XP level 11. HP: 32/75 MP: 11/13
  9751 | Orc:2    | Hit by a large rock thrown by a cyclops

Action                   |  1- 3 |  4- 6 |  7- 9 | 10-12 || total
-------------------------+-------+-------+-------+-------++-------
Melee: War axe           |    93 |    38 |       |       ||   131
       Hand axe          |       |    70 |    42 |       ||   112
       Broad axe         |       |       |   204 |   214 ||   418
Throw: Throwing net      |       |     1 |       |       ||     1
       Tomahawk          |       |     1 |       |       ||     1
       Javelin           |       |       |       |     1 ||     1
Evoke: Wand              |       |     1 |     2 |       ||     3
  Use: Scroll            |     8 |     3 |     4 |       ||    15
       Potion            |     1 |       |     1 |       ||     2
 Stab: Sleeping          |     1 |       |       |       ||     1
       Distracted        |       |       |     2 |       ||     2
  Eat: Chunk             |     3 |     6 |    12 |     7 ||    28
